 Dungeon Crawl Stone Soup version 0.27-a0-652-g2d5cf1dcd3 (webtiles) character file.

Game seed: 4416368145324665101

32466 Johnny the Thaumaturge (level 13, -20/95 HPs)
             Began as a Deep Elf Earth Elementalist on Mar 16, 2021.
             Was the Champion of Okawaru.
             Demolished by a very large slime creature (50 damage)
             ... on level 13 of the Dungeon.
             The game lasted 00:24:36 (23653 turns).

Johnny the Thaumaturge (DEEE)                      Turns: 23653, Time: 00:24:37

Health: -20/95     AC: 13    Str:  5    XL:     13   Next: 31%
Magic:  24/32      EV:  9    Int: 39    God:    Okawaru [******]
Gold:   153        SH:  5    Dex: 15    Spells: 24/39 levels left

rFire    + . .     SeeInvis +   x - staff of earth
rCold    + + .     Faith    .   (no shield)
rNeg     + + +     Spirit   .   y - +1 ring mail "Henyixt" {*Corrode rN+++ Int+4}
rPois    .         Reflect  +   K - +2 helmet {Int+3}
rElec    .         Harm     .   P - scarf {rC+ rF+}
rCorr    .         Rampage  .   w - +1 pair of gloves
Will     +....                  F - +1 pair of boots
Stlth    +.........             d - amulet of reflection
HPRegen  0.25/turn              E - +6 ring of intelligence
MPRegen  0.23/turn              e - ring of see invisible

@: no status effects
A: cold resistance 1, robust 1, screaming 1
a: Renounce Religion, Heroism, Finesse


You were on level 13 of the Dungeon.
You worshipped Okawaru.
Okawaru was exalted by your worship.
You visited 2 branches of the dungeon, and saw 14 of its levels.
You also visited: Gauntlet.

You collected 737 gold pieces.
You spent 584 gold pieces at shops.

Inventory:

Missiles
 I - 38 stones
Armour
 t - the +2 ratskin cloak {*Rats rPois rN+ Str-1 Int-1 Dex+1}
   (You found it on level 5 of the Dungeon)

   It affects your strength (-1).
   It affects your intelligence (-1).
   It affects your dexterity (+1).
   It protects you from poison.
   It protects you from negative energy.
 u - a +0 tower shield
 w - a +1 pair of gloves (worn)
 y - the +1 ring mail "Henyixt" (worn) {*Corrode rN+++ Int+4}
   (You found it on level 7 of the Dungeon)

   It affects your intelligence (+4).
   It renders you almost immune to negative energy.
   It may corrode you when you take damage.
 F - a +1 pair of boots (worn)
 K - a +2 helmet of intelligence (worn)
 P - a scarf of resistance (worn)
Magical Staves
 x - a staff of earth (weapon)
Jewellery
 c - an amulet of the acrobat
 d - an amulet of reflection (around neck)
 e - a ring of see invisible (left hand)
 h - a ring of poison resistance
 v - a ring of positive energy
 D - a ring of protection from fire
 E - a +6 ring of intelligence (right hand)
 V - a +6 ring of dexterity
Wands
 s - a wand of flame (25)
 G - a wand of random effects (38)
 H - a wand of polymorph (18)
 R - a wand of mindburst (19)
 S - a wand of paralysis (15)
 T - a wand of iceblast (7)
Scrolls
 a - 2 scrolls of enchant armour
 f - 9 scrolls of teleportation
 l - 2 scrolls of enchant weapon
 m - 2 scrolls of amnesia
 o - 2 scrolls of summoning
 r - 2 scrolls of blinking
 z - 3 scrolls of vulnerability
 C - 5 scrolls of fog
 O - 2 scrolls of noise {unknown}
 Q - a scroll of fear {unknown}
 U - a scroll of identify
 W - a scroll of magic mapping
Potions
 b - 2 potions of haste
 g - 5 potions of curing
 j - 4 potions of cancellation
 k - 6 potions of brilliance
 n - 2 potions of berserk rage
 p - 3 potions of might {unknown}
 q - a potion of attraction {unknown}
 A - 3 potions of heal wounds
 B - a potion of lignification
 J - 2 potions of mutation
 L - 4 potions of flight
 N - 3 potions of ambrosia
Miscellaneous
 i - a lightning rod (4/4)
 M - a box of beasts


   Skills:
 * Level 12.4 Fighting
 - Level 2.4 Dodging
 - Level 2.4 Stealth
 + Level 7.6 Shields
 + Level 13.6 Spellcasting
 - Level 1.1 Transmutations
 + Level 11.9 Earth Magic


You had 24 spell levels left.
You knew the following spells:

 Your Spells              Type           Power      Damage    Failure   Level
a - Sandblast             Erth           100%       2d20      1%          1
b - Stone Arrow           Conj/Erth      100%       3d13      1%          3
c - Lee's Rapid Deconstr  Erth           55%        3d27*     1%          5
d - Petrify               Tmut/Erth      86%        N/A       4%          4
e - Blink                 Tloc           N/A        N/A       10%         2

Your spell library contained the following spells:

 Spells                   Type           Power      Damage    Failure   Level
 Passwall                 Tmut/Erth      71%        N/A       1%          2
 Beastly Appendage        Tmut           70%        N/A       4%          1
 Leda's Liquefaction      Hex/Erth       41%        N/A       5%          4
 Corona                   Hex            28%        N/A       6%          1
 Foxfire                  Conj/Fire      100%       2x1d9     6%          1
 Magic Dart               Conj           100%       1d8       6%          1
 Shock                    Conj/Air       100%       1d9       6%          1
 Wereblood                Tmut           35%        N/A       6%          2
 Call Imp                 Summ           26%        N/A       10%         2
 Slow                     Hex            26%        N/A       10%         2
 Swiftness                Air            26%        N/A       10%         2
 Spider Form              Tmut/Pois      15%        N/A       16%         3
 Conjure Flame            Conj/Fire      26%        6-21      19%         3
 Inner Flame              Hex/Fire       26%        N/A       19%         3
 Mephitic Cloud           Conj/Pois/Air  26%        N/A       19%         3
 Portal Projectile        Hex/Tloc       52%        N/A       19%         3
 Static Discharge         Conj/Air       26%        N/A       19%         3
 Ice Form                 Ice/Tmut       30%        N/A       45%         4
 Airstrike                Air            13%        N/A       52%         4
 Cause Fear               Hex            13%        N/A       52%         4
 Sticky Flame             Conj/Fire      26%        2d5       52%         4
 Blade Hands              Tmut           17%        N/A       73%         5
 Fireball                 Conj/Fire      13%        3d7       86%         5
 Lightning Bolt           Conj/Air       13%        1d26      86%         5
 Haunt                    Necr/Summ      13%        N/A       100%        7
 Malign Gateway           Summ/Tloc      13%        N/A       100%        7
 Monstrous Menagerie      Summ           13%        N/A       100%        7
 Summon Horrible Things   Summ           13%        N/A       100%        8


Dungeon Overview and Level Annotations

Branches:
Dungeon (13/15)            Temple (1/1) D:7            Lair (0/6) D:9
    Orc (0/2) D:11        Gauntlet (visited)
 Vaults: D:13-14

Altars:
Ashenzari
Cheibriados
Dithmenos
Elyvilon
Fedhas
Gozag
Hepliaklqana
Kikubaaqudgha
Makhleb
Nemelex Xobeh
Okawaru
Qazlal
Ru
Sif Muna
Trog
Uskayaw
Vehumet
Wu Jian
Xom
Yredelemnul
Zin
The Shining One

Shops:
D:7 !   D:8 [   D:9 *   D:12 !

Portals:
Abyss: D:6

Annotations:
D:3 Pikel
D:5 3 runed translucent doors, crabbyslav's ghost, novice DsGl
D:6 2 transporters, ReteAZ's ghost, novice DgIE
D:7 1 runed translucent door
D:12 1 runed translucent door, Yrlndir's ghost, journeyman GrEE


Innate Abilities, Weirdness & Mutations

Your flesh is cold resistant. (rC+)
You are robust. (+10% HP)
You occasionally shout uncontrollably at your foes.


Message History

The very large slime creature is moderately wounded.
The very large slime creature hits you!
Casting: Sandblast (safe; 1% risk of failure)
Confirm with . or Enter, or press ? or * to list all spells.
Aiming: Sandblast (safe; 1% risk of failure)
Press: ? - help, Shift-Dir - straight line, f/p - very large slime creature
Aim: a very large slime creature (moderately wounded, 4% to evade)
You feel a surge of power!
The blast of sand hits the very large slime creature!!
The very large slime creature is heavily wounded.
The very large slime creature hits you but does no damage.
Casting: Sandblast (safe; 1% risk of failure)
Confirm with . or Enter, or press ? or * to list all spells.
Aiming: Sandblast (safe; 1% risk of failure)
Press: ? - help, Shift-Dir - straight line, f/p - very large slime creature
Aim: a very large slime creature (heavily wounded, 4% to evade)
You feel a surge of power!
The blast of sand hits the very large slime creature!!
The very large slime creature is severely wounded.
The very large slime creature hits you!!!
Casting: Sandblast (safe; 1% risk of failure)
Confirm with . or Enter, or press ? or * to list all spells.
Aiming: Sandblast (safe; 1% risk of failure)
Press: ? - help, Shift-Dir - straight line, f/p - very large slime creature
Aim: a very large slime creature (severely wounded, 4% to evade)
You feel a surge of power!
The blast of sand hits the very large slime creature!!
The very large slime creature is almost dead.
The very large slime creature hits you!
Casting: Sandblast (safe; 1% risk of failure)
Confirm with . or Enter, or press ? or * to list all spells.
Aiming: Stone Arrow (safe; 1% risk of failure)
Press: ? - help, Shift-Dir - straight line, f/p - very large slime creature
Aim: a very large slime creature (almost dead, 5% to evade)
You feel a surge of power!
The stone arrow hits the very large slime creature!!
The very large slime creature is almost dead.
The very large slime creature hits you!!!
Ouch! That really hurt!
You die...

#..........####.####..###.#[#...
##.########......##..........#...
......# ######.##.#...######...
##.##.# #........## ##.. ##.##.#
###.......# #.. ##..#.#
####***##..#.#..# #.. ###.#.#
#>...,*#.>......######.. ###.#.#
#.....##...#.....(...... ......#
#.....J@...#...........( ###.###
#.....##..##............ #.#
#....,*#........######.. #.####
####***#......### #.. #....#
#####.## #.. ####.# #.# #.. #.#
########.# #.. #.# #........# *,,
#<# #.#####..####*****,,


You could see a very large slime creature.

Vanquished Creatures
  Gastronok (D:11)
  A minotaur (Gauntlet)
  A boulder beetle (D:12)
  2 hydras (D:12)
  2 centaur warriors (D:12)
  A tengu warrior (D:13)
  3 two-headed ogres
  A death scarab (Gauntlet)
  4 sixfirhies (Gauntlet)
  A spectral hydra (Gauntlet)
  A deep elf zephyrmancer (D:11)
  A deep elf pyromancer (D:11)
  2 ugly things
  2 cyclopes
  A manticore (D:12)
  2 gargoyles
  Psyche (D:11)
  2 komodo dragons
  A tengu conjurer (D:13)
  5 trolls
  Grinder (D:4)
  A large abomination (Gauntlet)
  A vampire (D:7)
  2 wraiths
  A basilisk (D:10)
  38 yaks
  A vampire mosquito (D:12)
  A steam dragon (D:13)
  6 small abominations (Gauntlet)
  Edmund (D:4)
  Menkaure (D:4)
  An acid dragon (D:12)
  A water moccasin (D:6)
  2 swamp drakes (D:11)
  6 orc warriors
  3 ice beasts
  2 sky beasts
  7 ogres
  19 centaurs
  4 lemures (D:4)
  2 kobold brigands
  9 bullfrogs
  A wyvern skeleton (D:12)
  4 scorpions
  A hornet simulacrum (D:10)
  17 killer bees
  5 wights
  2 howler monkeys
  A crimson imp (D:11)
  5 bullfrog skeletons
  7 hounds
  6 orc priests
  4 jellies
  4 centaur skeletons
  An iron imp (D:11)
  Jessica (D:2)
  3 iguanas
  Natasha (twice) (D:2)
  A hell rat (D:5)
  9 orc wizards
  11 worker ants
  A hound zombie (D:11)
  A hound skeleton (D:8)
  A worker ant zombie (D:5)
  12 adders
  4 gnolls (D:7)
  6 river rats (D:5)
  6 shadow imps
  5 ufetubi
  3 oozes
  2 adder zombies
  3 worms
  7 dart slugs
  3 leopard geckos
  48 orcs
  7 giant cockroaches
  12 goblins
  7 hobgoblins
  12 jackals
  21 kobolds
  3 quokkas
  3 ball pythons
  A ball python skeleton (D:4)
  12 bats
  11 frilled lizards
  A leopard gecko skeleton (D:4)
  A leopard gecko zombie (D:5)
  22 rats
445 creatures vanquished.

Vanquished Creatures (collateral kills)
  A centaur zombie (D:12)
  A wyvern (D:12)
  A yak (D:12)
  An orc warrior (D:11)
  2 orcs (D:11)
6 creatures vanquished.

Vanquished Creatures (others)
  A yak (D:11)
  A centaur (D:12)
  A white imp (D:11)
  An orc (D:11)
  A rat (D:2)
  3 plants (D:9)
8 creatures vanquished.

Grand Total: 459 creatures vanquished

Notes
Turn   | Place    | Note
-------+----------+-------------------------------------------
     0 | D:1      | Johnny the Deep Elf Earth Elementalist began the quest for
                  | the Orb.
     0 | D:1      | Reached XP level 1. HP: 10/10 MP: 6/6
   569 | D:1      | Reached XP level 2. HP: 8/16 MP: 6/8
   749 | D:1      | Reached skill level 1 in Fighting
  1356 | D:1      | Reached XP level 3. HP: 20/20 MP: 7/10
  2222 | D:2      | Found a radiant altar of Vehumet.
  2368 | D:2      | Learned a level 3 spell: Stone Arrow
  2543 | D:2      | Reached XP level 4. HP: 23/26 MP: 11/11
  2628 | D:2      | Reached skill level 4 in Spellcasting
  2957 | D:2      | Noticed Jessica
  2962 | D:2      | Killed Jessica
  2971 | D:2      | Reached XP level 5. HP: 31/31 MP: 1/13
  3160 | D:2      | Found an ancient bone altar of Kikubaaqudgha.
  3274 | D:2      | Noticed Natasha
  3296 | D:2      | Gained mutation: You occasionally shout uncontrollably at
                  | your foes. [potion of mutation]
  3296 | D:2      | Gained mutation: Your flesh is cold resistant. (rC+)
                  | [potion of mutation]
  3296 | D:2      | Gained mutation: You are robust. (+10% HP) [potion of
                  | mutation]
  3304 | D:2      | Killed Natasha
  3478 | D:2      | Found a glowing golden altar of the Shining One.
  3756 | D:2      | Noticed Natasha
  3760 | D:2      | Killed Natasha
  5223 | D:4      | Noticed Edmund
  5294 | D:4      | Killed Edmund
  5295 | D:4      | Reached skill level 5 in Spellcasting
  5295 | D:4      | Reached XP level 6. HP: 18/41 MP: 2/15
  5476 | D:4      | Found a glowing silver altar of Zin.
  5564 | D:4      | Noticed Grinder
  5573 | D:4      | Noticed Menkaure
  5580 | D:4      | Killed Menkaure
  5581 | D:4      | Reached skill level 5 in Earth Magic
  5581 | D:4      | Reached XP level 7. HP: 37/47 MP: 13/17
  5586 | D:4      | Killed Grinder
  5587 | D:4      | Reached skill level 6 in Spellcasting
  6138 | D:4      | Reached skill level 5 in Fighting
  6138 | D:4      | HP: 2/48 [iguana (6)]
  6443 | D:4      | Noticed Pikel
  6832 | D:4      | Found a bloodstained altar of Trog.
  7220 | D:4      | Reached XP level 8. HP: 55/55 MP: 13/20
  7392 | D:5      | Entered Level 5 of the Dungeon
  7468 | D:5      | Found a runed translucent gate.
  7468 | D:5      | Found a runed translucent gate.
  7468 | D:5      | Found a runed translucent gate.
  7468 | D:5      | Noticed crabbyslav's ghost (novice DsGl)
  7470 | D:5      | Found a basalt altar of Yredelemnul.
  7552 | D:5      | Reached skill level 7 in Spellcasting
  7762 | D:5      | Found a hide-covered altar of Uskayaw.
  8136 | D:5      | Found a radiant altar of Vehumet.
  8192 | D:5      | Found a faded altar of an unknown god.
  8193 | D:5      | Found a hazy altar of Hepliaklqana.
  8195 | D:5      | Found a faded altar of an unknown god.
  8589 | D:5      | Found the +2 ratskin cloak {*Rats rPois rN+ Str-1 Int-1
                  | Dex+1}
  9517 | D:6      | Reached skill level 8 in Spellcasting
  9648 | D:6      | Found a transporter.
  9691 | D:6      | Noticed ReteAZ's ghost (novice DgIE)
  9702 | D:6      | Found a one-way gate to the infinite horrors of the Abyss.
  9716 | D:6      | Found a transporter.
 10051 | D:6      | Reached XP level 9. HP: 54/61 MP: 2/23
 10236 | D:7      | Reached skill level 1 in Shields
 10321 | D:7      | Found a staircase to the Ecumenical Temple.
 10326 | D:7      | Identified the +1 ring mail "Henyixt" {*Corrode rN+++
                  | Int+4}
 10330 | Temple   | Entered the Ecumenical Temple
 10441 | Temple   | Became a worshipper of Warmaster Okawaru
 10490 | D:7      | Found a runed translucent door.
 10490 | D:7      | Noticed a sixfirhy
 10581 | D:7      | Found a snail-covered altar of Cheibriados.
 10856 | D:7      | Found Ingiepru's Distillery.
 10869 | D:7      | Bought a potion of cancellation for 96 gold pieces
 10869 | D:7      | Bought 2 potions of brilliance for 96 gold pieces
 10869 | D:7      | Bought a potion of heal wounds for 60 gold pieces
 10869 | D:7      | Bought a potion of lignification for 36 gold pieces
 10869 | D:7      | Bought a potion of curing for 36 gold pieces
 11100 | D:7      | Identified the +6 long sword of Macam {vorpal, +Inv Str+3
                  | Int-2}
 11596 | D:8      | Noticed a brown ugly thing
 11599 | D:8      | Killed a brown ugly thing
 11599 | D:8      | Reached * piety under Okawaru
 11609 | D:8      | Reached skill level 9 in Spellcasting
 11931 | D:8      | Found Yfyihuth's Antique Armour Shop.
 11969 | D:8      | Learned a level 5 spell: Lee's Rapid Deconstruction
 11974 | D:8      | Learned a level 4 spell: Petrify
 12020 | D:8      | Reached ** piety under Okawaru
 12368 | D:8      | Found a shimmering altar of Xom.
 13071 | D:9      | Found a staircase to the Lair.
 13072 | D:9      | Noticed a komodo dragon
 13084 | D:9      | Killed a komodo dragon
 13181 | D:9      | Reached XP level 10. HP: 59/70 MP: 20/25
 13584 | D:9      | Reached *** piety under Okawaru
 13678 | D:9      | Found Semodaz's Assorted Antiques.
 14077 | D:10     | Entered Level 10 of the Dungeon
 14125 | D:10     | Reached skill level 10 in Spellcasting
 14543 | D:10     | Noticed a gargoyle
 14545 | D:10     | Killed a gargoyle
 14585 | D:10     | Reached **** piety under Okawaru
 15520 | D:10     | Found a bloodstained altar of Trog.
 15550 | D:10     | Reached XP level 11. HP: 78/78 MP: 20/27
 16191 | D:11     | Noticed a two-headed ogre
 16202 | D:11     | Killed a two-headed ogre
 16203 | D:11     | Reached skill level 11 in Spellcasting
 16320 | D:11     | Noticed a deep elf zephyrmancer
 16328 | D:11     | Killed a deep elf zephyrmancer
 16328 | D:11     | Reached ***** piety under Okawaru
 16537 | D:11     | Noticed a deep elf pyromancer
 16540 | D:11     | Killed a deep elf pyromancer
 16541 | D:11     | Reached skill level 10 in Fighting
 16541 | D:11     | Reached skill level 5 in Shields
 16900 | D:11     | Noticed Psyche
 16913 | D:11     | Killed Psyche
 17194 | D:11     | Noticed Gastronok
 17222 | D:11     | Reached skill level 10 in Earth Magic
 17420 | D:11     | Killed Gastronok
 17436 | D:11     | Received a gift from Okawaru
 17675 | D:11     | Identified the +0 ring mail of Shadows and Fog {Harm Dex+2}
 18087 | D:11     | Learned a level 2 spell: Blink
 18509 | D:11     | Received a gift from Okawaru
 18524 | D:11     | Reached skill level 12 in Spellcasting
 18658 | D:11     | Found a staircase to the Orcish Mines.
 19286 | D:12     | Reached XP level 12. HP: 63/86 MP: 19/30
 19652 | D:12     | Found Pavisirr's Distillery.
 19661 | D:12     | Bought 2 potions of ambrosia for 160 gold pieces
 19661 | D:12     | Bought a potion of heal wounds for 50 gold pieces
 19661 | D:12     | Bought a potion of heal wounds for 50 gold pieces
 19682 | D:12     | Noticed a two-headed ogre
 19687 | D:12     | Killed a two-headed ogre
 19898 | D:12     | Found a broken altar of Ashenzari.
 19929 | D:12     | Noticed a boulder beetle
 19935 | D:12     | Noticed a centaur warrior
 19943 | D:12     | Killed a centaur warrior
 19954 | D:12     | Reached ****** piety under Okawaru
 19989 | D:12     | Killed a boulder beetle
 20570 | D:12     | Noticed a six-headed hydra
 20578 | D:12     | Killed a six-headed hydra
 20590 | D:12     | Received a gift from Okawaru
 20607 | D:12     | Noticed a centaur warrior
 20625 | D:12     | Killed a centaur warrior
 21001 | D:12     | Noticed a five-headed hydra
 21008 | D:12     | Killed a five-headed hydra
 21167 | D:12     | Reached skill level 13 in Spellcasting
 21578 | D:12     | Found a runed translucent door.
 21578 | D:12     | Found a shimmering altar of Xom.
 21578 | D:12     | Noticed Yrlndir's ghost (journeyman GrEE)
 21578 | D:12     | Identified the +0 long sword of the Thieving Fool {chaos,
                  | Str+3 Int-4}
 21658 | D:13     | Found a gate leading to a gauntlet.
 21669 | Gauntlet | Entered a Gauntlet
 21669 | Gauntlet | Found a transporter.
 21669 | Gauntlet | Found a transporter.
 21689 | Gauntlet | Found a transporter.
 21693 | Gauntlet | Found a transporter.
 21704 | Gauntlet | Found a transporter.
 21705 | Gauntlet | Found a transporter.
 21713 | Gauntlet | Found a transporter.
 21730 | Gauntlet | Found a transporter.
 21745 | Gauntlet | Found a transporter.
 21749 | Gauntlet | Found a transporter.
 21751 | Gauntlet | Noticed a death scarab
 21758 | Gauntlet | Found a transporter.
 21761 | Gauntlet | Found a transporter.
 21923 | Gauntlet | Killed a death scarab
 22018 | Gauntlet | Received a gift from Okawaru
 22022 | Gauntlet | Reached XP level 13. HP: 54/94 MP: 16/32
 22029 | Gauntlet | Identified the +2 helmet of Ibups {Rampage rPois rC- Int-5}
 22217 | Gauntlet | Noticed a minotaur
 22219 | Gauntlet | Killed a minotaur
 23653 | D:13     | Demolished by a very large slime creature

Illustrated notes

Levels and vault maps discovered:
D:1:      grunt_arrival_lava_bath, layout_basic
D:2:      minmay_angry_zag, layout_loops_cross, lemuel_doored_altar,
          tso_metal_star, nicolae_vehumet_altar_sigil, minmay_lizard_pond,
          uniq_jessica, uniq_natasha
D:3:      layout_loops_ring, hex_tiny
D:4:      minmay_door_path, layout_rooms, overflow_temple_1_default,
          trog_antimagical, uniq_pikel, uniq_edmund, uniq_grinder, uniq_menkaure
D:5:      wander_guarded_unrand_ratskin, layout_rooms,
          nicolae_uskayaw_dance_hall, nicolae_hepliaklqana_ecumenical_no_more,
          nicolae_yredelemnul_ghost_church, minmay_misc_feat_room,
          vehumet_altar_wand_db
D:6:      layout_gridville, gammafunk_ghost_abyssal_escape, minmay_door_square,
          roderic_roman_lattice, amethyst_killhole
D:7:      cheibrodos_shockbox, layout_rooms, minmay_temple_entry_tees,
          serial_shops, shop, minmay_misc_feat_chi, cheibrodos_worm_habitat
D:8:      layout_loops_ring, xom_butterflies, serial_shops,
          nicolae_shop_crystal, corexii_hall_statues_u,
          chequers_serial_rivers_large_b
D:9:      layout_roguey, david_lair_shrubbed, serial_shops, nicolae_shop_trees,
          hex_large
D:10:     minmay_slanted_spiral_squares, layout_long_grid, basic_altar
D:11:     layout_stronghold, erik_orc_1, serial_glass, glass_columns_c,
          glass_columns_a, glass_columns_b, glass_columns_a, glass_columns_a,
          glass_columns_a, feat_on_display, hangedman_minor_magic, uniq_psyche,
          uniq_gastronok
D:12:     layout_basic, ebering_ghost_xom, serial_shops, shop,
          nicolae_ashenzari_panopticon
D:13:     layout_loops_cross, gauntlet_entry_generic, kb_tengu_band
Temple:   jpeg_temple_clearing

Skill      XL: |  1  2  3  4  5  6  7  8  9 10 11 12 |
---------------+-------------------------------------+-----
Fighting       | 1 2 3 4 5 6 8 9 10 12 | 12.4
Spellcasting   | 4 5 6 8 9 10 12 13 | 13.6
Earth Magic    | 4 5 6 7 8 9 10 11 | 11.9
Shields        | 3 4 5 7 |  7.6
Dodging        | |  2.4
Stealth        | |  2.4
Transmutations | |  1.1

Action                   |  1- 3 |  4- 6 |  7- 9 | 10-12 | 13-15 || total
-------------------------+-------+-------+-------+-------+-------++-------
Melee: Club              |    47 |   103 |       |       |       ||   150
       Unarmed           |     2 |       |       |       |       ||     2
       Dire flail        |       |    26 |    82 |       |       ||   108
       Staff             |       |       |    81 |   206 |    28 ||   315
 Cast: Sandblast         |    46 |    39 |    14 |   129 |    57 ||   285
       Stone Arrow       |       |    20 |   143 |   145 |    19 ||   327
       Lee's Rapid Decon |       |       |       |    42 |     8 ||    50
       Petrify           |       |       |       |     3 |     7 ||    10
Evoke: Wand              |       |     4 |     6 |    23 |       ||    33
       Box of beasts     |       |       |       |     1 |       ||     1
  Use: Potion            |       |     6 |       |     1 |       ||     7
       Scroll            |       |       |       |    12 |       ||    12
 Stab: Sleeping          |     3 |     6 |     4 |       |       ||    13
       Paralysed         |       |    12 |    10 |       |       ||    22
       Distracted        |       |       |       |     1 |       ||     1
Armor: Robe              |    18 |    41 |    23 |       |       ||    82
       Ring mail         |       |       |    60 |   219 |    29 ||   308
Dodge: Dodged            |    47 |    89 |   117 |   179 |    33 ||   465
Block: Other             |    18 |    50 |    65 |    98 |    12 ||   243
       Reflection        |       |       |     2 |    12 |       ||    14

Table legend: (Time is in decaauts)
 A = Elapsed time spent in this place.
 B = Non-inter-level travel time spent in this place.
 C = Inter-level travel time spent in this place.
 D = Time resting spent in this place.
 E = Time spent auto-exploring this place.
 F = Levels seen in this place.
 G = Mean time per level.
                   A        B        C        D        E       F      G
               +--------+--------+--------+--------+--------+-----+--------+
         Total |  23857 |  23333 |    524 |   5581 |  14447 |  15 | 1590.5 |
       Dungeon |  23165 |  22682 |    483 |   5304 |  14258 |  13 | 1781.9 |
        Temple |    128 |     87 |     41 |      0 |     69 |   1 |  128.0 |
      Gauntlet |    562 |    562 |      0 |    277 |    120 |   1 |  562.0 |
               +--------+--------+--------+--------+--------+-----+--------+

Top non-repeatable levels by time:
    D:11: 2959 daAuts
    D:12: 2936 daAuts
     D:1: 2208 daAuts
     D:4: 2144 daAuts
    D:10: 1889 daAuts
     D:5: 1692 daAuts
     D:2: 1660 daAuts
     D:8: 1500 daAuts
     D:3: 1428 daAuts
    D:13: 1276 daAuts
     D:7: 1195 daAuts
     D:6: 1151 daAuts
     D:9: 1122 daAuts
Gauntlet: 562 daAuts
  Temple: 128 daAuts
